 Dungeon Crawl Stone Soup version 0.28-a0-969-g2dcde036d2 (webtiles) character file.

Game seed: 9876150844566371229

4 HessuHobo the Firebug (level 1, -1/16 HPs)
             Began as an Ogre Fire Elementalist on Dec 1, 2021.
             Slain by a ball python (3 damage)
             ... on level 1 of the Dungeon.
             The game lasted 00:01:01 (153 turns).

HessuHobo the Firebug (Ogre Fire Elementalist)       Turns: 153, Time: 00:01:02

Health: -1/16      AC:  3    Str: 11    XL:     1   Next: 70%
Magic:  0/4        EV:  9    Int: 16    God:
Gold:   17         SH:  0    Dex:  9    Spells: 4/5 levels left

rFire   . . .      SeeInvis .   b - +0 short sword
rCold   . . .      Faith    .   (no shield)
rNeg    . . .      Spirit   .   a - +0 robe
rPois   .          Reflect  .   (helmet restricted)
rElec   .          Harm     .   (no cloak)
rCorr   .          Rampage  .   (gloves unavailable)
Will    .....                   (boots unavailable)
Stlth   +.........              (no amulet)
HPRegen 0.05/turn               (no ring)
MPRegen 0.09/turn               (no ring)

@: no status effects
A: large, unfitting armour, tough skin 1
a: no special abilities


You were on level 1 of the Dungeon.
You visited 1 branch of the dungeon, and saw 1 of its levels.

You collected 17 gold pieces.

Inventory:

Hand Weapons
 b - a +0 short sword (weapon)
Armour
 a - a +0 robe (worn)


   Skills:
 - Level 1.7 Dodging
 - Level 1.4 Stealth
 + Level 2.6 Spellcasting
 + Level 1.1 Conjurations
 + Level 2.8 Fire Magic


You had 4 spell levels left.
You knew the following spells:

 Your Spells              Type           Power      Damage    Failure   Level
a - Foxfire               Conj/Fire      32%        2x1d5     9%          1

Your spell library contained the following spells:

 Spells                   Type           Power      Damage    Failure   Level
 Scorch                   Fire           22%        2d6       10%         2
 Conjure Flame            Conj/Fire      8%         6-21      26%         3
 Inner Flame              Hex/Fire       6%         N/A       32%         3
 Flame Wave               Conj/Fire      8%         2d4       65%         4


Dungeon Overview and Level Annotations

Branches:
Dungeon (1/15)

Altars:


Innate Abilities, Weirdness & Mutations

You are too large for most types of armour.
You have tough skin. (AC +1)


Message History

The foxfire hits the endoplasm.
You kill the endoplasm!
You see here a bat corpse.
b - a +0 short sword (weapon)
You closely miss the ball python. The ball python bites you.
The ball python barely misses you.
You completely miss the goblin. The ball python closely misses you.
The goblin hits you with a +0 dagger.
Casting: Foxfire (safe; 9% risk of failure)
Confirm with . or Enter, or press ? or * to list all spells.
You conjure some foxfire!
The ball python bites you but does no damage.
The goblin hits you with a +0 dagger.
* * * LOW HITPOINT WARNING * * *
The ball python misses you.
You don't have enough magic to cast this spell.
Your foxfire dissipates!
The foxfire hits the goblin.
The goblin is severely wounded.
The ball python bites you but does no damage.
The ball python barely misses you.
You aren't carrying any potions.
You aren't carrying any scrolls.
You closely miss the ball python.
The ball python bites you but does no damage.
You barely miss the ball python. The ball python closely misses you.
You closely miss the ball python.
The ball python bites you but does no damage.
The ball python bites you.
* * * LOW HITPOINT WARNING * * *
You hit the ball python but do no damage.
The ball python bites you.
* * * LOW HITPOINT WARNING * * *
Casting: Foxfire (safe; 9% risk of failure)
Confirm with . or Enter, or press ? or * to list all spells.
You conjure some foxfire!
The ball python closely misses you.
You don't have enough magic to cast this spell.
Your foxfire dissipates!
The ball python bites you.
You die...

.. .. .. ..# #.# .# .##.# #.#
. ...# # ... .# #..# .## #.#
.#### ############..#
............
#...≈≈≈≈...#..######.#.#...###
#..........#..gS@...>........#
#....≈≈....#8.########†# .#.
#..........'........##.#.....
'..........'.......)†.....#
#......[...'.............##
#....≈§§...#8.#####.##.###
#......§...#### #.##.#
#...§§≈§...# ..##.#
############ #####.#


You could see a goblin and a ball python.

Vanquished Creatures
  An endoplasm (D:1)
  A kobold (D:1)
  A bat (D:1)
  2 rats (D:1)
5 creatures vanquished.

Vanquished Creatures (others)
  8 foxfires (D:1)
8 creatures vanquished.

Grand Total: 13 creatures vanquished

Notes
Turn   | Place    | Note
-------+----------+-------------------------------------------
     0 | D:1      | HessuHobo the Ogre Fire Elementalist began the quest for
                  | the Orb.
     0 | D:1      | Reached XP level 1. HP: 16/16 MP: 3/3
   118 | D:1      | Reached skill level 1 in Conjurations
   153 | D:1      | Slain by a ball python

Illustrated notes

Levels and vault maps discovered:
D:1:      scummos_arrival_gate, layout_loops_ring,
          hangedman_decor_clover_reticule

Skill      XL: |  1 |
---------------+----+-----
Conjurations   | 1 |  1.1
Dodging        | |  1.7
Stealth        | |  1.4
Spellcasting   | |  2.6
Fire Magic     | |  2.8

Action                   || total
-------------------------++-------
Melee: Unarmed           ||    11
       Short sword       ||     6
 Cast: Foxfire           ||     7
 Stab: Sleeping          ||     1
Armor: Robe              ||     5
Dodge: Dodged            ||    14

Table legend: (Time is in decaauts)
 A = Elapsed time spent in this place.
 B = Non-inter-level travel time spent in this place.
 C = Inter-level travel time spent in this place.
 D = Time resting spent in this place.
 E = Time spent auto-exploring this place.
 F = Levels seen in this place.
 G = Mean time per level.
                   A        B        C        D        E       F      G
               +--------+--------+--------+--------+--------+-----+--------+
         Total |    153 |    153 |      0 |     64 |     26 |   1 |  153.0 |
       Dungeon |    153 |    153 |      0 |     64 |     26 |   1 |  153.0 |
               +--------+--------+--------+--------+--------+-----+--------+

Top non-repeatable levels by time:
     D:1: 153 daAuts
